 Dungeon Crawl Stone Soup version 0.30-a0-528-g8c47a4955b (webtiles) character file.

Game seed: 9508907669270684048

146045 xzight the Devastator (level 16, -2/110 HPs)
             Began as a Deep Elf Fire Elementalist on Dec 23, 2022.
             Was the Champion of Ashenzari.
             Succumbed to a black mamba's poison
             ... on level 4 of the Snake Pit.
             The game lasted 02:18:52 (42594 turns).

xzight the Devastator (Deep Elf Fire Elementalist) Turns: 42594, Time: 02:18:53

Health: -2/110     AC:  7    Str:  9    XL:     16   Next: 88%
Magic:  11/51      EV: 17    Int: 29    God:    Ashenzari [******]
Gold:   1213       SH: 13    Dex: 15    Spells: 12/55 levels left

rFire   + + +      SeeInvis +    J - staff of fire (curse) {!a, Elem, Evo}
rCold   + + .      Faith    .    m - +2 shield of Resistance {rF++ rC++ Will++, Self, Elem} (curse)
rNeg    . . .      Spirit   .    a - +0 robe "Overhang to Understand" {Melee, Elem} (curse)
rPois   +          Reflect  .    S - +0 helmet "Circumscribed Suspicion" {SInv, Self, Alch} (curse)
rElec   .          Harm     .    x - +1 cloak "Tethered Scepticism" {rCorr, Alch, Cun} (curse)
rCorr   +          Rampage  .    D - +0 pair of gloves "Omen of Ashenzari" {Melee, Bglg} (curse)
Will    ++++.      Clarity  +    H - +0 pair of boots of the Manifest Sphere {Self, Comp} (curse)
Stlth   ++++                     Q - amulet of Ashenzari's Seer {RegenMP rPois Will- rCorr Str+4, Bglg, Alch} (curse)
HPRegen 0.38/turn                M - ring of the Bound Pantheism {MP+9, Elem, Range} (curse)
MPRegen 0.72/turn                O - ring "Thunder Perfect Mind" {Fly Will++ Stlth+, Elem, Cun} (curse)

@: lethally poisoned (-2 -> -18), flying
A: no striking features
a: Renounce Religion, Shatter the Chains


You were on level 4 of the Snake Pit.
You worshipped Ashenzari.
Ashenzari was exalted by your worship.
You visited 5 branches of the dungeon, and saw 27 of its levels.

You collected 3165 gold pieces.
You spent 1952 gold pieces at shops.


   Skills:
 - Level 10.9(16.0) Fighting
 + Level 9.4(13.3) Dodging
 - Level 2.4(5.4) Stealth
 - Level 8.0 Shields
 - Level 14.9(20.0) Spellcasting
 - Level 16.2(20.0) Conjurations
 - Level 7.6(10.3) Summonings
 - Level 2.8(6.0) Translocations
 - Level 9.4(16.5) Fire Magic
 - Level 13.4(20.6) Air Magic
 + Level 6.4(13.2) Earth Magic
 - Level 5.4(8.0) Evocations


You had 12 spell levels left.
You knew the following spells:

 Your Spells              Type           Power      Damage    Failure   Level
a - Summon Lightning Spi  Summ/Air       87%        N/A       1%          4
b - Airstrike             Air            49%        2d(8-24)  0%          4
c - Iron Shot             Conj/Erth      45%        9d9       1%          6
d - Arcjolt               Conj/Air       49%        1d59      1%          5
e - Flame Wave            Conj/Fire      100%       2d21      1%          4
f - Scorch                Fire           100%       2d10      0%          2
g - Foxfire               Conj/Fire      100%       2x1d9     0%          1
h - Maxwell's Capacitive  Air            49%        ∞         4%          8
i - Passage of Golubria   Tloc           59%        N/A       2%          4
j - Lightning Bolt        Conj/Air       49%        1d69      1%          5

Your spell library contained the following spells:

 Spells                   Type           Power      Damage    Failure   Level
 Shock                    Conj/Air       100%       1d9       0%          1
 Swiftness                Air            99%        N/A       0%          3
 Cigotuvi's Dreadful Rot  Necr/Pois/Air  100%       N/A       1%          2
 Poisonous Vapours        Pois/Air       100%       N/A       1%          2
 Call Canine Familiar     Summ           73%        N/A       1%          3
 Dazzling Flash           Conj/Hex       100%       N/A       1%          3
 Inner Flame              Hex/Fire       87%        N/A       1%          3
 Kindle Blastsparks       Fire/Tloc/Air  100%       2d18      1%          3
 Mephitic Cloud           Conj/Pois/Air  83%        N/A       1%          3
 Vhi's Electric Charge    Tloc/Air       100%       N/A       1%          3
 Animate Armour           Summ/Erth      100%       N/A       1%          4
 Fulminant Prism          Conj/Hex       36%        3d17      1%          4
 Iskenderun's Mystic Bla  Conj/Tloc      81%        2d16      1%          4
 Leda's Liquefaction      Hex/Erth       31%        N/A       1%          4
 Sticky Flame             Conj/Fire      100%       2d11      1%          4
 Lee's Rapid Deconstruct  Erth           41%        3d20*     1%          5
 Silence                  Hex/Air        37%        N/A       1%          5
 Necrotise                Necr           100%       1d9       2%          1
 Slow                     Hex            100%       N/A       2%          1
 Portal Projectile        Hex/Tloc       96%        N/A       2%          3
 Summon Ice Beast         Ice/Summ       58%        N/A       3%          4
 Frozen Ramparts          Ice            70%        1d11      6%          3
 Confusing Touch          Hex            32%        N/A       8%          3
 Tukima's Dance           Hex            32%        N/A       8%          3
 Vampiric Draining        Necr           30%        2d8       9%          3
 Ice Form                 Ice/Tmut       34%        N/A       22%         4
 Animate Dead             Necr           30%        N/A       28%         4
 Statue Form              Tmut/Erth      41%        N/A       28%         6
 Storm Form               Tmut/Air       37%        N/A       34%         7
 Blade Hands              Tmut           16%        N/A       54%         5
 Yara's Violent Unravell  Hex/Tmut       16%        3d8       56%         5
 Agony                    Necr           30%        N/A       61%         5
 Haunt                    Necr/Summ      28%        N/A       97%         7
 Infestation              Necr           15%        N/A       100%        8

Inventory:

Missiles
 j - 3 throwing nets {=f}
Armour
 a - the cursed +0 robe "Overhang to Understand" (worn) {Melee, Elem}

   It has a curse which improves the following skills: Melee Combat: Short
   Blades, Long Blades, Axes, Maces & Flails, Polearms, Staves and Unarmed
   Combat.
   Elements:  Fire Magic, Ice Magic, Air Magic and Earth Magic.
 m - the cursed +2 shield of Resistance (worn) {rF++ rC++ Will++, Self, Elem}
   (You found it on level 2 of the Dungeon)

   rF:        It greatly protects you from fire.
   rC:        It greatly protects you from cold.
   Will:      It greatly increases your willpower.
   It has a curse which improves the following skills: Introspection: Fighting
   and Spellcasting.
   Elements:  Fire Magic, Ice Magic, Air Magic and Earth Magic.
 x - the cursed +1 cloak "Tethered Scepticism" (worn) {rCorr, Alch, Cun}
   (You found it on level 5 of the Dungeon)

   It has a curse which improves the following skills: Alchemy: Poison Magic and
   Transmutations.
   Cunning:   Dodging and Stealth.
 D - the cursed +0 pair of gloves "Omen of Ashenzari" (worn) {Melee, Bglg}
   (You bought it in a shop on level 2 of the Orcish Mines)

   It has a curse which improves the following skills: Melee Combat: Short
   Blades, Long Blades, Axes, Maces & Flails, Polearms, Staves and Unarmed
   Combat.
   Beguiling: Conjurations, Hexes and Translocations.
 H - the cursed +0 pair of boots of the Manifest Sphere (worn) {Self, Comp}
   (You found it on level 10 of the Dungeon)

   It has a curse which improves the following skills: Introspection: Fighting
   and Spellcasting.
   Companions: Summonings and Necromancy.
 S - the cursed +0 helmet "Circumscribed Suspicion" (worn) {SInv, Self, Alch}
   (You found it on level 4 of the Dungeon)

   It has a curse which improves the following skills: Introspection: Fighting
   and Spellcasting.
   Alchemy:   Poison Magic and Transmutations.
Magical Staves
 g - a staff of death {!a}
 w - a staff of earth {!a}
 J - a cursed staff of fire (weapon) {!a, Elem, Evo}
Jewellery
 C - a ring of ice
 E - a +4 ring of evasion
 M - the cursed ring of the Bound Pantheism (left hand) {MP+9, Elem, Range}
   (You bought it in a shop on level 2 of the Orcish Mines)

   [ring of magical power]

   MP:        It affects your magic capacity (+9).
   It has a curse which improves the following skills: Elements: Fire Magic, Ice
   Magic, Air Magic and Earth Magic.
   Ranged Combat: Ranged Weapons and Throwing.
 O - the cursed ring "Thunder Perfect Mind" (right hand) {Fly Will++ Stlth+, Elem, Cun}
   (You bought it in a shop on level 2 of the Orcish Mines)

   [ring of flight]

   Fly:       It grants you flight.
   Will:      It greatly increases your willpower.
   Stlth:     It makes you more stealthy.
   It has a curse which improves the following skills: Elements: Fire Magic, Ice
   Magic, Air Magic and Earth Magic.
   Cunning:   Dodging and Stealth.
 Q - the cursed amulet of Ashenzari's Seer (around neck) {RegenMP rPois Will- rCorr Str+4, Bglg, Alch}
   (You found it on level 5 of the Lair of Beasts)

   [amulet of magic regeneration]

   It increases your rate of magic regeneration.
   Str:       It affects your strength (+4).
   rPois:     It protects you from poison.
   rCorr:     It protects you from acid and corrosion.
   Will:      It decreases your willpower.
   It has a curse which improves the following skills: Beguiling: Conjurations,
   Hexes and Translocations.
   Alchemy:   Poison Magic and Transmutations.
Wands
 q - a wand of charming (41)
 y - a wand of mindburst (13)
 z - a wand of flame (61)
 N - a wand of polymorph (12)
 P - a wand of iceblast (5)
 T - a wand of light (3)
Scrolls
 i - 5 scrolls of silence {!r}
 l - 6 scrolls of immolation
 n - 4 scrolls of fog
 r - a scroll of magic mapping
 s - 11 scrolls of teleportation {@r2}
 u - 7 scrolls of poison
 B - 2 scrolls of enchant weapon
 F - 3 scrolls of brand weapon
 G - 4 scrolls of amnesia
 I - 3 scrolls of enchant armour
 R - a scroll of fear
Potions
 b - 2 potions of magic
 c - 7 potions of mutation
 d - 3 potions of berserk rage {!q}
 e - 2 potions of ambrosia
 f - 7 potions of heal wounds {@q2}
 h - a potion of attraction
 k - 14 potions of curing {@q1}
 o - 4 potions of flight
 p - 2 potions of might
 t - 3 potions of haste {@q3}
 v - 5 potions of lignification
 A - a potion of invisibility
 K - 2 potions of brilliance
 U - 3 potions of resistance

Dungeon Overview and Level Annotations

Branches:
Dungeon (15/15)            Temple (1/1) D:4            Lair (5/5) D:9
  Swamp (0/4) Lair:3        Snake (4/4) Lair:3        Slime (0/5) Lair:4
    Orc (2/2) D:12            Elf (0/3) Orc:2        Vaults (0/5) D:14
 Depths (0/4) D:15

Altars:
Ashenzari
Cheibriados
Dithmenos
Elyvilon
Fedhas
Gozag
Kikubaaqudgha
Makhleb
Nemelex Xobeh
Okawaru
Qazlal
Ru
Sif Muna
Trog
Uskayaw
Vehumet
Wu Jian
Xom
Yredelemnul
Zin
The Shining One

Shops:
D:8 ![(!   Orc:2 [==?[   Snake:1 **!

Portals:
Abyss: D:15

Annotations:
D:3 1 runed translucent door, Crazy Yiuf
D:4 2 runed translucent doors, exclusions: two-headed ogre and upstairs
D:15 2 transporters, Carotun's ghost, journeyman FoFi
Lair:3 1 runed translucent door, Xeinaf's ghost, journeyman TrAr
Snake:1 2 transporters, Zicwidai's ghost, journeyman DsFE
Snake:4 Aizul

,,,,,,,,,,,,****,,,****,,,,,**
,,,**,,,,....#*#..###.,,****,*
,,,*,,,,,.....##.#...,*** ***
*,**,,,,,.....#.....***
****,,,,,..........#*
*,,,,,,..........##
**,,,,,,..S........*
*,,,,,,,.........#**
**,,,,,,,.......@#*
,***,,,,,.......##
,,**,,,,,.......#
,,,**,,,,.......#
*,,****,,......^# *,,**
*,*######.# **,,****,* ###..#
**,,*,*,**#.S§.#* *
*,,*,*,,*#.SSS.#**


You could see a black mamba (asleep).


Message History

You stop ascending the stairs.
The anaconda bites you! The anaconda constricts you.
The naga ritualist hits you from afar with a +0 glaive.
The mana viper completely misses you. The anaconda barely misses you.
The black mamba misses you.
The anaconda bites you but does no damage.
The anaconda constricts you.
Unknown command.
You escape the anaconda's grasp.
The anaconda grabs you.
You stop ascending the stairs.
The anaconda misses you. The anaconda constricts you.
The black mamba bites you!
* * * LOW HITPOINT WARNING * * *
You are poisoned.
The black mamba poisons you! The mana viper bites you!!
* * * LOW HITPOINT WARNING * * *
You feel your power leaking away.
The naga ritualist hits you from afar with a +0 glaive!!
* * * LOW HITPOINT WARNING * * *
You block the anaconda's attack. The anaconda constricts you.
* * * LOW HITPOINT WARNING * * *
The anaconda bites you!
* * * LOW HITPOINT WARNING * * *
You block the black mamba's attack. The mana viper misses you.
Okay, then.
Blink to where?
Press: ? - help, Dir - move target, p - naga ritualist You escape the anaconda's grasp.
A black mamba comes into view.
As you read the scroll of blinking, it crumbles to dust.
You die...

Skill      XL: |  1  2  3  4  5  6  7  8  9 10 11 12 13 14 15 16 |
---------------+-------------------------------------------------+-----
Spellcasting   | 4 5 9 10 11 13 14 | 14.9
Conjurations   | 2 4 5 9 10 11 13 14 15 16 | 16.2
Shields        | 1 2 3 6 7 8 |  8.0
Fire Magic     | 4 5 6 7 8 9 |  9.4
Fighting       | 4 5 7 8 10 | 10.9
Dodging        | 5 6 7 8 9 |  9.4
Summonings     | 6 7 |  7.6
Air Magic      | 7 12 13 | 13.4
Translocations | 2 |  2.8
Evocations     | 1 5 |  5.4
Earth Magic    | 1 6 |  6.4
Stealth        | |  2.4

Action                   |  1- 3 |  4- 6 |  7- 9 | 10-12 | 13-15 | 16-18 || total
-------------------------+-------+-------+-------+-------+-------+-------++-------
Melee: Short sword       |       |       |       |     8 |       |       ||     8
       Staff             |       |       |       |       |    13 |     2 ||    15
 Cast: Foxfire           |    93 |    90 |   109 |   535 |   187 |       ||  1014
       Scorch            |     6 |    27 |    19 |   334 |   139 |       ||   525
       Flame Wave        |       |       |       |     7 |     3 |       ||    10
       Airstrike         |       |       |       |       |   479 |   161 ||   640
       Arcjolt           |       |       |       |       |    62 |    10 ||    72
       Lightning Bolt    |       |       |       |       |    27 |       ||    27
       Summon Lightning  |       |       |       |       |   136 |    55 ||   191
       Iron Shot         |       |       |       |       |       |    40 ||    40
Invok: Curse Item        |       |       |     3 |     5 |     6 |       ||    14
       Shatter the Chain |       |       |       |     2 |     2 |       ||     4
  Use: Scroll            |       |       |    10 |     1 |     4 |     2 ||    17
       Potion            |       |       |     2 |     2 |     9 |       ||    13
Armor: Robe              |     1 |     8 |     1 |    21 |    24 |     5 ||    60
Dodge: Dodged            |     3 |    18 |     7 |   127 |   154 |    52 ||   361
Block: Kite shield       |       |       |     2 |   200 |   208 |    52 ||   462

Levels and vault maps discovered:
D:1:      tarquinn_simple_flora_water_a, layout_loops_ring,
          roderic_roman_lattice
D:2:      layout_basic, uniq_jessica, uniq_robin, uniq_natasha
D:3:      layout_basic, lemuel_crystal_altar,
          nicolae_gozag_cash_rules_everything_around_me, nicolae_grassy_gnolls,
          uniq_crazy_yiuf_cottage, uniq_sigmund
D:4:      layout_cave_pods, elyvilon_altar_4, minmay_temple_entry_antechambers,
          minmay_hollow_rounded_squares
D:5:      layout_cave_pools, uniq_eustachio
D:6:      layout_cave_pods, lemuel_tele_altar
D:7:      cheibrodos_statue_roulette, layout_basic, vehumet_altar_wand_db,
          minmay_puff, uniq_pikel
D:8:      layout_rooms, mainiacjoe_overflow_paths,
          amethyst_overflow_temple_binary, serial_shops,
          nicolae_shop_competitors_out_of_business, kennysheep_mini_moat,
          nicolae_inconvenience_store, shop, uniq_prince_ribbit1
D:9:      layout_basic, okawaru_trees_2, david_lair_shrubbed,
          minmay_misc_feat_rows, reono_crystal_passage,
          chequers_serial_rivers_large_b, uniq_amaemon, uniq_erica
D:10:     layout_basic, dancing_weapons_uskayaw
D:11:     layout_loops_ring
D:12:     layout_loops_ring, david_orc_2, grunt_potential
D:13:     layout_roguey, chequers_arboretum, lemuel_another_geyser
D:14:     layout_cave_pods, grunt_vaults_entry_fortified, minivault_24
D:15:     hangedman_depths_entry_try_elsewhere_first, layout_loops_corners,
          gammafunk_ghost_abyssal_escape, hex_tiny, trog_hazing_becter
Temple:   minmay_temple_bridge_abc
Lair:1:   layout_misc_corridors, chequers_serial_rivers_marsh,
          serial_bayou_pond_d
Lair:2:   layout_regular_city, basic_altar, grunt_megastairs_4,
          serial_bayou_shore_b, lemuel_fruit_tree, uniq_maggie
Lair:3:   layout_big_grid, swamp_mist, dummy_snake_entry, gammafunk_ghost_grave,
          grunt_megastairs_5
Lair:4:   layout_roguey, slime_entry_1, nicolae_quartered_pool_impasse
Lair:5:   hangedman_lair_caniforms_friends, layout_small_grid, wormcave,
          basic_altar, st_stairs_7
Snake:1:  layout_chambers, basic_altar, gammafunk_ghost_arena,
          nicolae_triple_integral, minmay_shop_star
Snake:2:  layout_grid_shapes, nicolae_snake_lava_pool
Snake:3:  layout_cave_shapes, serial_bayou_shore_b, serial_bayou_shore_a,
          grunt_megastairs_2, uniq_bai_suzhen, uniq_mlioglotl
Snake:4:  grunt_snake_rune_pools, layout_chambers, uniq_aizul
Orc:1:    layout_diamond_mine, uniq_harold, uniq_snorg
Orc:2:    kennysheep_orc_mage_school, layout_caves, serial_shops, shop,
          nicolae_orc_flooded_monolith, mines3_lemuel

Notes
Turn   | Place    | Note
-------+----------+-------------------------------------------
     0 | D:1      | xzight the Deep Elf Fire Elementalist began the quest for
                  | the Orb.
     0 | D:1      | Reached XP level 1. HP: 10/10 MP: 6/6
   556 | D:1      | Reached skill level 4 in Spellcasting
   556 | D:1      | Reached XP level 2. HP: 15/15 MP: 2/9
   559 | D:1      | Learned a level 2 spell: Scorch
  1386 | D:1      | HP: 1/15 [gnoll/+0 flail (6)]
  1520 | D:1      | Reached XP level 3. HP: 19/19 MP: 7/11
  1764 | D:2      | Reached skill level 5 in Spellcasting
  2065 | D:2      | Found the +2 shield of Resistance {rF++ rC++ Will++}
  2100 | D:2      | Noticed Robin
  2215 | D:2      | Noticed Natasha
  2217 | D:2      | Killed Natasha
  2218 | D:2      | Reached skill level 2 in Conjurations
  2218 | D:2      | Reached XP level 4. HP: 20/24 MP: 3/13
  2219 | D:2      | Noticed Natasha
  2226 | D:2      | Killed Natasha
  2448 | D:2      | Noticed Jessica
  2450 | D:2      | Killed Jessica
  2451 | D:2      | Reached skill level 1 in Shields
  2451 | D:2      | Reached skill level 4 in Fire Magic
  2595 | D:2      | Killed Robin
  2596 | D:2      | Reached XP level 5. HP: 20/28 MP: 1/14
  2911 | D:2      | Noticed Natasha
  2913 | D:2      | Killed Natasha
  3333 | D:3      | Reached skill level 3 in Conjurations
  3487 | D:3      | Found a shimmering altar of Xom.
  3571 | D:3      | Reached skill level 2 in Shields
  3766 | D:3      | Noticed Sigmund
  3769 | D:3      | Killed Sigmund
  3770 | D:3      | Reached skill level 4 in Conjurations
  3770 | D:3      | Reached skill level 5 in Fire Magic
  3770 | D:3      | Reached XP level 6. HP: 32/32 MP: 8/15
  3861 | D:3      | Found a runed translucent door.
  3862 | D:3      | Noticed Crazy Yiuf
  3930 | D:3      | Found an opulent altar of Gozag.
  4307 | D:4      | Found a staircase to the Ecumenical Temple.
  4316 | Temple   | Entered the Ecumenical Temple
  4366 | Temple   | Became a worshipper of Ashenzari the Shackled
  4537 | D:4      | Reached XP level 7. HP: 36/36 MP: 11/16
  4731 | D:4      | Found a white marble altar of Elyvilon.
  4768 | D:4      | Found a large runed translucent door.
  4768 | D:4      | Found a large runed translucent door.
  4782 | D:4      | Found a large runed translucent door.
  4782 | D:4      | Found a large runed translucent door.
  4814 | D:4      | Reached skill level 3 in Shields
  4929 | D:4      | Noticed a two-headed ogre
  5682 | D:5      | Entered Level 5 of the Dungeon
  5706 | D:5      | Reached skill level 5 in Conjurations
  5706 | D:5      | Reached skill level 6 in Fire Magic
  5976 | D:5      | Noticed Eustachio
  5980 | D:5      | Killed Eustachio
  5981 | D:5      | Reached XP level 8. HP: 41/41 MP: 11/17
  6096 | D:5      | Reached * piety under Ashenzari
  6149 | D:5      | Reached skill level 4 in Shields
  6256 | D:5      | Reached skill level 6 in Conjurations
  6588 | D:6      | Reached skill level 7 in Fire Magic
  6997 | D:6      | Reached ** piety under Ashenzari
  7035 | D:6      | Identified 2 potions of experience
  7044 | D:6      | Reached skill level 4 in Fighting
  7044 | D:6      | Reached skill level 6 in Shields
  7044 | D:6      | Reached skill level 9 in Spellcasting
  7044 | D:6      | Reached skill level 9 in Conjurations
  7044 | D:6      | Reached XP level 9. HP: 52/52 MP: 17/24
  7045 | D:6      | Reached skill level 5 in Fighting
  7045 | D:6      | Reached skill level 5 in Dodging
  7045 | D:6      | Reached skill level 7 in Shields
  7045 | D:6      | Reached skill level 10 in Spellcasting
  7045 | D:6      | Reached skill level 10 in Conjurations
  7045 | D:6      | Reached skill level 8 in Fire Magic
  7045 | D:6      | Reached XP level 10. HP: 59/59 MP: 17/26
  7094 | D:6      | Learned a level 4 spell: Flame Wave
  7249 | D:6      | Found a snail-covered altar of Cheibriados.
  7807 | D:7      | Found a radiant altar of Vehumet.
  7881 | D:7      | Noticed Pikel
  7896 | D:7      | Killed Pikel
  8807 | D:7      | Noticed a gargoyle
  8817 | D:7      | Noticed a gargoyle
  9238 | D:7      | Killed a gargoyle
  9344 | D:7      | Noticed a gargoyle
  9350 | D:7      | Noticed a gargoyle
  9350 | D:7      | Noticed a gargoyle
  9404 | D:7      | Killed a gargoyle
  9405 | D:7      | Reached skill level 6 in Dodging
  9405 | D:7      | Reached XP level 11. HP: 64/64 MP: 19/27
  9507 | D:7      | Reached skill level 6 in Fighting
  9603 | D:7      | Reached skill level 8 in Shields
  9704 | D:8      | Noticed Prince Ribbit
  9708 | D:8      | Killed Prince Ribbit
 10207 | D:7      | Reached skill level 9 in Fire Magic
 10365 | D:8      | Found Kidghan's Antique Armour Shoppe.
 11085 | D:8      | Found Sydithri's Distillery.
 11085 | D:8      | Found Atufav's Weapon Shop.
 11271 | D:8      | Bought a potion of resistance for 140 gold pieces
 11271 | D:8      | Bought a potion of haste for 140 gold pieces
 11419 | D:8      | Found a shadowy altar of Dithmenos.
 11419 | D:8      | Found a blossoming altar of Fedhas.
 11457 | D:8      | Found a bloodstained altar of Trog.
 11595 | D:8      | Found Zorui's Distillery.
 11598 | D:8      | Bought a potion of heal wounds for 60 gold pieces
 11598 | D:8      | Bought a potion of heal wounds for 60 gold pieces
 11889 | D:9      | Noticed a deep elf pyromancer
 11895 | D:9      | Killed a deep elf pyromancer
 11896 | D:9      | Reached skill level 11 in Spellcasting
 12740 | D:9      | Noticed Erica
 12756 | D:9      | Killed Erica
 12857 | D:9      | Found a staircase to the Lair.
 12897 | D:9      | Noticed Amaemon
 12909 | D:9      | Killed Amaemon
 12913 | D:9      | Reached skill level 7 in Fighting
 12913 | D:9      | Reached skill level 11 in Conjurations
 13082 | D:9      | Identified the +2 war axe "Melucw" {spect, Will+ Dex+6}
 13168 | D:9      | Found an iron altar of Okawaru.
 13369 | D:10     | Entered Level 10 of the Dungeon
 13621 | D:10     | Reached XP level 12. HP: 69/72 MP: 4/29
 13772 | D:10     | Found a hide-covered altar of Uskayaw.
 13895 | D:10     | Reached *** piety under Ashenzari
 14570 | D:11     | Noticed a boulder beetle
 14731 | D:11     | Noticed a two-headed ogre
 14744 | D:11     | Killed a two-headed ogre
 14809 | D:11     | Reached skill level 12 in Conjurations
 14934 | D:11     | Reached skill level 12 in Spellcasting
 15143 | D:11     | Reached skill level 7 in Dodging
 15791 | D:11     | Killed a boulder beetle
 16179 | Lair:1   | Entered Level 1 of the Lair of Beasts
 16307 | Lair:1   | Reached **** piety under Ashenzari
 16613 | Lair:1   | Reached skill level 13 in Spellcasting
 16977 | Lair:1   | Noticed a boulder beetle
 17155 | Lair:1   | Killed a boulder beetle
 17512 | Lair:2   | Noticed Maggie
 17520 | Lair:2   | Killed Maggie
 17633 | Lair:2   | Reached skill level 8 in Fighting
 17682 | Lair:2   | Found a basalt altar of Yredelemnul.
 18515 | Lair:3   | Identified the +10 scale mail of Elyvilon's Benevolence
                  | {rN+ Dex+2}
 18515 | Lair:3   | Found a staircase to the Swamp.
 18559 | Lair:3   | Reached skill level 13 in Conjurations
 18730 | Lair:3   | Reached XP level 13. HP: 86/86 MP: 20/35
 19298 | Lair:3   | Found a staircase to the Snake Pit.
 19309 | Lair:3   | Found a runed translucent door.
 19311 | Lair:3   | Noticed Xeinaf's ghost (journeyman TrAr)
 19463 | Lair:4   | Found a staircase to the Slime Pits.
 19701 | Lair:4   | Learned a level 5 spell: Arcjolt
 19707 | Lair:4   | Learned a level 5 spell: Lightning Bolt
 19712 | Lair:4   | Learned a level 4 spell: Airstrike
 19717 | Lair:4   | Learned a level 4 spell: Summon Lightning Spire
 19726 | Lair:4   | Reached skill level 14 in Conjurations
 19977 | Lair:4   | Reached skill level 1 in Summonings
 20139 | Lair:4   | Reached skill level 1 in Air Magic
 20760 | D:12     | Found a staircase to the Orcish Mines.
 20765 | D:12     | Reached skill level 2 in Summonings
 20765 | D:12     | Reached skill level 2 in Air Magic
 21026 | D:12     | Reached skill level 3 in Summonings
 21148 | D:12     | Reached skill level 3 in Air Magic
 21484 | D:12     | Reached skill level 4 in Summonings
 21735 | D:12     | Reached skill level 4 in Air Magic
 21930 | D:12     | Reached skill level 5 in Summonings
 22187 | D:12     | Reached skill level 5 in Air Magic
 22792 | D:12     | Reached skill level 6 in Summonings
 22964 | D:12     | Reached skill level 6 in Air Magic
 23082 | D:13     | HP: 3/86 [centaur warrior/arrow (16)]
 23534 | D:13     | Reached skill level 7 in Air Magic
 24314 | Lair:5   | Entered Level 5 of the Lair of Beasts
 24528 | Orc:1    | Entered Level 1 of the Orcish Mines
 24533 | Orc:1    | Reached XP level 14. HP: 92/92 MP: 27/36
 24541 | Orc:1    | Noticed Harold
 24546 | Orc:1    | Reached skill level 8 in Air Magic
 24904 | Orc:1    | Killed Harold
 25487 | Orc:2    | Entered Level 2 of the Orcish Mines
 25494 | Orc:2    | Reached ***** piety under Ashenzari
 25508 | Orc:2    | Reached skill level 9 in Air Magic
 26159 | Orc:2    | Found a staircase to the Elven Halls.
 26164 | Orc:2    | Found Jiviagen's Antique Armour Emporium.
 26437 | Orc:2    | Noticed an orc warlord
 26462 | Orc:2    | Killed an orc warlord
 26614 | Orc:2    | Reached skill level 10 in Air Magic
 27054 | Orc:2    | Identified a +2 robe of resistance
 27074 | Orc:2    | Noticed Nergalle
 27317 | Orc:2    | Killed Nergalle
 27495 | Orc:2    | Reached skill level 11 in Air Magic
 27605 | Orc:2    | Found an ancient bone altar of Kikubaaqudgha.
 27698 | Orc:2    | Found Vehajeo's Jewellery Emporium.
 27772 | Orc:2    | Found a radiant altar of Vehumet.
 27938 | Orc:2    | Found a staircase to the Elven Halls.
 28040 | Orc:2    | Found Jiviagen's Antique Armour Emporium.
 28239 | Orc:2    | Found Juik's Antique Armour Shoppe.
 28246 | Orc:2    | Found Mirgh's Magic Scroll Shoppe.
 28254 | Orc:2    | Found Ophaziy's Jewellery Emporium.
 28257 | Orc:2    | Bought a scroll of teleportation for 36 gold pieces
 28257 | Orc:2    | Bought a scroll of teleportation for 36 gold pieces
 28257 | Orc:2    | Bought a scroll of teleportation for 36 gold pieces
 28310 | Orc:2    | Bought the ring "Okiedgha" {Fly Will++ Stlth+} for 702 gold
                  | pieces
 28311 | Orc:2    | Bought a ring of magical power for 340 gold pieces
 28451 | Orc:1    | Noticed Snorg
 28769 | Orc:1    | Killed Snorg
 29050 | Orc:2    | Bought a pair of gloves for 162 gold pieces
 29475 | Lair:5   | Reached skill level 12 in Air Magic
 30169 | Lair:5   | Found a runed translucent door.
 31682 | Lair:4   | Found a staircase to the Slime Pits.
 31734 | Lair:5   | Reached XP level 15. HP: 97/97 MP: 5/38
 31913 | Lair:5   | Found a glowing silver altar of Zin.
 33082 | Lair:5   | Identified the amulet of Vehumet's Indignation {RegenMP
                  | rPois Will- rCorr Str+4}
 33093 | Lair:5   | Reached skill level 7 in Summonings
 33137 | Lair:5   | Reached skill level 9 in Fighting
 33779 | Lair:5   | Reached skill level 15 in Conjurations
 35114 | D:14     | Reached skill level 8 in Dodging
 35136 | D:14     | Found a gate to the Vaults.
 35604 | D:14     | Identified the +1 robe of Jodac {-Cast Dex+6}
 35840 | D:15     | Entered Level 15 of the Dungeon
 35937 | D:15     | Reached skill level 13 in Air Magic
 36070 | D:15     | Found a bloodstained altar of Trog.
 36248 | D:15     | Found a transporter.
 36332 | D:15     | Found a transporter.
 36847 | D:15     | Found a one-way gate to the infinite horrors of the Abyss.
 36847 | D:15     | Noticed Carotun's ghost (journeyman FoFi)
 36858 | D:15     | Noticed a daeva
 37011 | D:15     | Found a staircase to the Depths.
 37079 | D:15     | Reached skill level 10 in Fighting
 37339 | D:15     | Reached ****** piety under Ashenzari
 37771 | Snake:1  | Entered Level 1 of the Snake Pit
 37785 | Snake:1  | Learned a level 8 spell: Maxwell's Capacitive Coupling
 37790 | Snake:1  | Learned a level 4 spell: Passage of Golubria
 37889 | Snake:1  | Reached skill level 1 in Translocations
 37894 | Snake:1  | Reached skill level 2 in Translocations
 37925 | Snake:1  | Found a transporter.
 37928 | Snake:1  | Noticed Zicwidai's ghost (journeyman DsFE)
 38134 | Snake:1  | Identified a +0 kite shield of resistance
 38136 | Snake:1  | Reached skill level 1 in Evocations
 38217 | Snake:1  | Learned a level 6 spell: Iron Shot
 38335 | Snake:1  | Reached skill level 14 in Spellcasting
 38335 | Snake:1  | Reached skill level 1 in Earth Magic
 38419 | Snake:1  | Reached XP level 16. HP: 108/108 MP: 36/41
 38421 | Snake:1  | Reached skill level 2 in Evocations
 38422 | Snake:1  | Reached skill level 2 in Earth Magic
 38569 | Snake:1  | Found a sparkling altar of Nemelex Xobeh.
 38640 | Snake:1  | Found Titip's Assorted Antiques.
 38642 | Snake:1  | Found Becud's General Store.
 38645 | Snake:1  | Found Akiseu's Distillery.
 38656 | Snake:1  | Bought 2 potions of heal wounds for 120 gold pieces
 38656 | Snake:1  | Bought a potion of heal wounds for 60 gold pieces
 38656 | Snake:1  | Bought a potion of heal wounds for 60 gold pieces
 38750 | Snake:1  | Found a transporter.
 38750 | Snake:1  | Identified the amulet "Kotwo" {Faith rF+ rCorr Dex-2 SInv}
 38891 | Snake:1  | Reached skill level 3 in Earth Magic
 39137 | Snake:1  | Reached skill level 3 in Evocations
 39609 | Snake:2  | Reached skill level 4 in Earth Magic
 40140 | Snake:2  | Reached skill level 5 in Earth Magic
 40275 | Snake:2  | Reached skill level 4 in Evocations
 41050 | Snake:3  | Reached skill level 5 in Evocations
 41436 | Snake:3  | Reached skill level 16 in Conjurations
 41497 | Snake:3  | Noticed Mlioglotl
 41508 | Snake:2  | Killed Mlioglotl
 41789 | Snake:3  | Noticed Bai Suzhen
 41813 | Snake:3  | Killed Bai Suzhen
 41814 | Snake:3  | Reached skill level 9 in Dodging
 41814 | Snake:3  | Reached skill level 6 in Earth Magic
 41988 | Snake:3  | Identified the +7 shortbow of the Chickpea {flame, rPois
                  | rC- Will+ Str+8}
 42359 | Snake:4  | Entered Level 4 of the Snake Pit
 42369 | Snake:4  | Noticed Aizul
 42593 | Snake:4  | HP: 2/110 [anaconda[a naga ritualist] (14)]
 42594 | Snake:4  | Succumbed to a black mamba's poison

Vanquished Creatures
  Bai Suzhen (Snake:3)
  Mlioglotl (Snake:2)
  A nagaraja (Snake:4)
  Snorg (Orc:1)
  Harold (Orc:1)
  5 hydras
  2 vault guards (D:14)
  2 ogre magi
  A rakshasa (D:15)
  Erica (D:9)
  2 centaur warriors
  A catoblepas (D:12)
  5 boulder beetles
  A two-headed ogre (D:11)
  6 naga warriors
  A satyr (shapeshifter) (D:15)
  8 anacondas
  2 death yaks
  4 naga sharpshooters
  Amaemon (D:9)
  4 sea snakes (Snake:3)
  2 skeletal warriors (D:12)
  A salamander mystic (Snake:2)
  2 lindwurms (Lair:5)
  Pikel (D:7)
  3 ugly things
  4 naga ritualists
  7 orc sorcerers
  3 orc knights
  3 manticores
  8 mana vipers
  A wolf spider (Lair:5)
  3 deep elf pyromancers
  3 cyclopes
  An oklob plant (Orc:2)
  2 salamanders
  8 naga magi
  10 elephants
  25 black mambas
  2 guardian serpents (Snake:2)
  A black mamba (shapeshifter) (D:13)
  Maggie (Lair:2)
  8 gargoyles
  An orange demon (D:9)
  An unseen horror (D:12)
  3 torpor snails
  2 kobold demonologists (D:12)
  8 cane toads
  10 komodo dragons
  2 freezing wraiths
  3 rime drakes
  A yaktaur (D:14)
  4 polar bears (Lair:5)
  7 trolls
  A troll (shapeshifter) (D:14)
  2 tyrant leeches (Lair:5)
  A raiju (Lair:5)
  4 hornets (Lair:5)
  Prince Ribbit (D:8)
  8 blink frogs
  7 slime creatures
  4 dream sheep (Lair:1)
  Sigmund (D:3)
  A vampire (D:14)
  3 shadows
  A wraith (D:12)
  Eustachio (D:5)
  8 vampire mosquitoes
  28 yaks
  7 wyverns
  3 steam dragons
  A human (D:14)
  3 basilisks
  18 nagas
  8 wargs
  2 acid dragons
  6 hell hounds (Lair:5)
  6 water moccasins
  4 ice beasts
  22 orc warriors
  5 black bears
  5 ogres
  19 wolves
  11 centaurs
  2 boggarts (D:14)
  3 lemures (D:7)
  A phantom (D:7)
  3 kobold brigands
  8 bullfrogs
  A gnoll sergeant (D:6)
  A necrophage (D:5)
  A scorpion (D:5)
  16 wights
  21 killer bees
  An electric eel (Snake:3)
  5 howler monkeys
  3 hounds
  7 jellies
  A gnoll bouda (D:7)
  7 orc priests
  5 iguanas
  Jessica (D:2)
  Natasha (thrice) (D:2)
  4 hell rats (Lair:3)
  22 orc wizards
  Robin (D:2)
  9 gnolls
  5 adders
  A shadow imp (D:6)
  An ufetubus (D:6)
  5 worms
  A worm (shapeshifter) (D:13)
  3 dart slugs
  51 orcs
  5 endoplasms
  2 giant cockroaches
  19 goblins
  10 hobgoblins
  2 jackals (D:1)
  2 quokkas
  7 ball pythons
  4 bats
  A frilled lizard (D:3)
  18 kobolds
  2 rats (D:1)
648 creatures vanquished.

Vanquished Creatures (collateral kills)
  An orc warlord (Orc:2)
  A dire elephant (D:15)
  A fire dragon (Lair:5)
  A vault guard (D:14)
  An ogre mage (Orc:2)
  A hydra (D:15)
  A death knight (D:15)
  A boulder beetle (D:12)
  A centaur warrior (D:13)
  A two-headed ogre (Orc:1)
  6 naga warriors
  4 death yaks
  A naga sharpshooter (Snake:1)
  Nergalle (Orc:2)
  A skeletal warrior (D:12)
  A naga ritualist (Snake:1)
  A deep elf pyromancer (D:13)
  3 orc knights
  4 mana vipers (Snake:1)
  2 orc sorcerers (Orc:2)
  An elephant (Lair:5)
  2 salamanders (Snake:2)
  2 cyclopes
  3 ugly things
  2 guardian serpents
  2 naga magi
  12 black mambas
  3 torpor snails (Lair:5)
  A komodo dragon (Lair:5)
  A tengu conjurer (D:14)
  A troll (D:13)
  5 polar bears (Lair:5)
  2 tyrant leeches (Lair:5)
  2 hornets (Lair:5)
  2 slime creatures (D:15)
  2 vampire mosquitoes (D:15)
  4 wargs
  9 nagas
  8 hell hounds (Lair:5)
  6 orc warriors
  A water moccasin (Lair:5)
  7 black bears (Lair:5)
  An ogre (Orc:2)
  2 boggarts (D:14)
  4 wolves (Lair:5)
  2 orc priests
  10 orc wizards
  15 orcs
  A goblin (D:15)
  2 kobolds (D:15)
  7 foxfires
156 creatures vanquished.

Vanquished Creatures (others)
  A quokka (D:4)
  1671 foxfires
  25 fungi
  79 plants
1776 creatures vanquished.

Grand Total: 2580 creatures vanquished

Table legend: (Time is in decaauts)
 A = Elapsed time spent in this place.
 B = Non-inter-level travel time spent in this place.
 C = Inter-level travel time spent in this place.
 D = Time resting spent in this place.
 E = Time spent auto-exploring this place.
 F = Levels seen in this place.
 G = Mean time per level.
                   A        B        C        D        E       F      G
               +--------+--------+--------+--------+--------+-----+--------+
         Total |  42759 |  39971 |   2788 |  13191 |  21028 |  27 | 1583.7 |
       Dungeon |  23600 |  21646 |   1954 |   6928 |  11490 |  15 | 1573.3 |
        Temple |     87 |     51 |     36 |      0 |     29 |   1 |   87.0 |
          Lair |   9999 |   9497 |    502 |   3386 |   4845 |   5 | 1999.8 |
     Snake Pit |   4823 |   4714 |    109 |   1414 |   2626 |   4 | 1205.8 |
  Orcish Mines |   4248 |   4062 |    186 |   1463 |   2038 |   2 | 2124.0 |
               +--------+--------+--------+--------+--------+-----+--------+

Top non-repeatable levels by time:
  Lair:5: 4209 daAuts
   Orc:2: 2855 daAuts
     D:9: 2670 daAuts
     D:7: 2450 daAuts
    D:12: 2293 daAuts
  Lair:4: 2163 daAuts
    D:11: 1877 daAuts
     D:1: 1802 daAuts
 Snake:1: 1752 daAuts
 Snake:3: 1658 daAuts
    D:15: 1630 daAuts
     D:4: 1582 daAuts
   Orc:1: 1392 daAuts
 Snake:2: 1376 daAuts
  Lair:1: 1352 daAuts

Table legend:
 A = Non-vault XP
 B = Vault XP
 C = Vault XP percentage of total XP
 D = Non-vault monster count
 E = Vault monster count
 F = Vault count percentage of total count
                 A         B        C        D         E       F
            +---------+---------+-------+---------+---------+-------
      Total |  140614 |   61650 |  30.5 |     575 |     219 |  27.6
            +---------+---------+-------+---------+---------+-------
        D:1 |      41 |       1 |   2.4 |      19 |       1 |   5.0
        D:2 |      94 |     106 |  53.0 |      10 |      12 |  54.5
        D:3 |      86 |     275 |  76.2 |      16 |       4 |  20.0
        D:4 |     195 |     305 |  61.0 |      13 |      11 |  45.8
        D:5 |     710 |     202 |  22.1 |      11 |       1 |   8.3
        D:6 |     563 |       0 |   0.0 |      16 |       0 |   0.0
        D:7 |    2067 |    2325 |  52.9 |      19 |      11 |  36.7
        D:8 |    1897 |     710 |  27.2 |      24 |       2 |   7.7
        D:9 |    2428 |    2372 |  49.4 |      30 |       4 |  11.8
       D:10 |    1921 |       0 |   0.0 |      22 |       0 |   0.0
       D:11 |    4879 |       0 |   0.0 |      25 |       0 |   0.0
       D:12 |    7404 |    7445 |  50.1 |      30 |      20 |  40.0
       D:13 |    5864 |       0 |   0.0 |      14 |       0 |   0.0
       D:14 |    4602 |    6026 |  56.7 |      12 |      10 |  45.5
       D:15 |    9836 |    2348 |  19.3 |      22 |       9 |  29.0
     Lair:1 |    4775 |       0 |   0.0 |      18 |       0 |   0.0
     Lair:2 |    2607 |    1495 |  36.4 |      10 |       8 |  44.4
     Lair:3 |    4817 |       0 |   0.0 |      18 |       0 |   0.0
     Lair:4 |    5118 |       0 |   0.0 |      11 |       0 |   0.0
     Lair:5 |   14947 |   17224 |  53.5 |      39 |      74 |  65.5
    Snake:1 |   23917 |       0 |   0.0 |      45 |       0 |   0.0
    Snake:2 |   12817 |    6279 |  32.9 |      26 |       8 |  23.5
    Snake:3 |   16956 |    5163 |  23.3 |      37 |       7 |  15.9
    Snake:4 |    2032 |       0 |   0.0 |       3 |       0 |   0.0
      Orc:1 |    4812 |    1838 |  27.6 |      37 |       2 |   5.1
      Orc:2 |    5229 |    7536 |  59.0 |      48 |      35 |  42.2
            +---------+---------+-------+---------+---------+-------
